 Dungeon Crawl Stone Soup version 0.31-a0-819-gf6de2f5ab6 (webtiles) character file.

Game seed: 16307656677920307358

184 qw the Shooter (level 5, -4/32 HPs)
             Began as a Gargoyle Hunter on Sept 23, 2023.
             Was an Initiate of Okawaru.
             Killed from afar by an orc wizard (6 damage)
             ... with a magic dart
             ... on level 3 of the Dungeon.
             The game lasted 00:00:57 (1838 turns).

qw the Shooter (Gargoyle Hunter)                    Turns: 1838, Time: 00:00:57

Health: -4/32      AC:  8    Str: 14    XL:     5   Next: 63%
Magic:  5/5        EV: 11    Int: 10    God:    Okawaru [......]
Gold:   151        SH:  0    Dex: 15    Spells: 4/4 levels left

rFire   . . .        Y - +0 shortbow
rCold   . . .        (shield currently unavailable)
rNeg    + . .        c - +0 leather armour
rPois   inf          a - +0 helmet
rElec   +            (no cloak)
rCorr   .            (no gloves)
SInv    .            (no boots)
Will    .....        f - amulet of the acrobat
Stlth   +            (no ring)
HPRegen 0.25/turn    (no ring)
MPRegen 0.09/turn

%: acrobat
@: confused
A: sickness immunity, AC +4, negative energy resistance 1, electricity
resistance, torment resistance 1, petrification resistance
a: Renounce Religion


You were on level 3 of the Dungeon.
You worshipped Okawaru.
Okawaru was noncommittal.
You visited 1 branch of the dungeon, and saw 3 of its levels.

You collected 151 gold pieces.


Innate Abilities, Weirdness & Mutations

You are immune to sickness and miasma.
Your stone body is resilient. (AC +4)
You are immune to poison.
You resist negative energy. (rN+)
You are resistant to electric shocks. (rElec)
You are resistant to unholy torment.
You are immune to petrification.


   Skills:
 + Level 3.4 Fighting
 - Level 6.0 Ranged Weapons
 - Level 1.4 Armour
 - Level 1.5 Dodging
 - Level 1.1 Stealth


You had 4 spell levels left.
You didn't know any spells.
Your spell library was empty.

Inventory:

Hand Weapons
 Y - a +0 shortbow (weapon)
Armour
 a - a +0 helmet (worn)
 c - a +0 leather armour (worn)
 d - a +0 ring mail
Jewellery
 f - an amulet of the acrobat (around neck)
Scrolls
 e - 6 scrolls of identify
 g - a scroll of enchant weapon {unknown}
Potions
 b - a potion of heal wounds

Dungeon Overview and Level Annotations

Branches:
Dungeon (3/15)

Altars:
Cheibriados
Hepliaklqana
Okawaru
Qazlal
Ru
Trog
Zin


Message History

You shoot an arrow. Something hits you but does no damage. Something hits you.
You shoot an arrow. Something hits you but does no damage.
You shoot an arrow. Something hits you but does no damage.
You shoot an arrow. Something hits you.
You shoot an arrow.
You feel less confused.
You hear some strange, mumbled words.
A puff of flame appears from out of thin air!
The puff of flame hits you!
You shoot an arrow. Something hits you.
You shoot an arrow. Something hits you.
You shoot an arrow.
You hear some strange, mumbled words.
You are confused.
You hear some strange, mumbled words.
A magic dart appears from out of thin air!
The magic dart hits you but does no damage.
You shoot an arrow.
You hear some strange, mumbled words.
A magic dart appears from out of thin air!
The magic dart hits you.
You shoot an arrow. Something hits you.
You shoot an arrow. Something barely misses you.
You shoot an arrow.
You hear some strange, mumbled words.
A magic dart appears from out of thin air!
The magic dart hits you.
You shoot an arrow.
You hear some strange, mumbled words.
A magic dart appears from out of thin air!
The magic dart hits you.
You die...

....########...8...########
.........#.##.)...##
............##...##
########.#...##.##
#.#....#'## #.........#
##### ###.......# # .....
#....#.##.# [....
......##.@).# .....
.(........){## .....
........:#### .....
#####..#. ..... ...##.
####. ### #. #.


There were no monsters in sight!

Vanquished Creatures
  Natasha (thrice) (D:2)
  Robin (D:1)
  An adder (D:2)
  2 dart slugs (D:1)
  8 orcs (D:3)
  3 bats (D:2)
  8 endoplasms
  4 giant cockroaches
  4 hobgoblins
  4 kobolds
  3 quokkas
  6 ball pythons
  2 frilled lizards (D:1)
  17 goblins
  5 rats
71 creatures vanquished.

Notes
Turn   | Place    | Note
-------+----------+-------------------------------------------
     0 | D:1      | qw the Gargoyle Hunter began the quest for the Orb.
     0 | D:1      | Reached XP level 1. HP: 12/12 MP: 1/1
     0 | D:1      | 0 ||| qw: Version: 0.3-a-83-gcd0e7d8
     0 | D:1      | 0 ||| qw: Game counter: 1385
     0 | D:1      | 0 ||| qw: Melee chars always use a shield: true
     0 | D:1      | 0 ||| qw: God list: Okawaru
     0 | D:1      | 0 ||| qw: Allow faded altars: false
     0 | D:1      | 0 ||| qw: Do Orc after clearing Dungeon:15 true
     0 | D:1      | 0 ||| qw: Do second Lair branch before Depths: true
     0 | D:1      | 0 ||| qw: Lair rune preference: random
     0 | D:1      | 0 ||| qw: Goals: Normal
     0 | D:1      | 0 ||| PLANNING D:1-11
    67 | D:1      | Reached XP level 2. HP: 17/17 MP: 2/2
   428 | D:1      | Reached XP level 3. HP: 21/21 MP: 3/3
   430 | D:1      | Reached skill level 5 in Ranged Weapons
   592 | D:1      | 592 ||| READING 2 scrolls labelled JINYATYNIM.
   593 | D:1      | 593 ||| READING 3 scrolls labelled PAQOMM QEIXUPS.
   594 | D:1      | 594 ||| READING 2 scrolls labelled QIOPNABLEL.
   595 | D:1      | 595 ||| READING scroll labelled LUIM HEMNEU.
   596 | D:1      | 596 ||| DROPPING scroll of vulnerability.
   597 | D:1      | 597 ||| DROPPING scroll of butterflies.
   598 | D:1      | 598 ||| DROPPING scroll of fear.
   624 | D:2      | Noticed Robin
   626 | D:2      | 626 ||| STAIRDANCE
   635 | D:2      | 635 ||| STAIRDANCE
   648 | D:2      | 648 ||| STAIRDANCE
   654 | D:2      | 654 ||| STAIRDANCE
   659 | D:1      | Killed Robin
   660 | D:1      | Reached skill level 3 in Fighting
   662 | D:1      | 662 ||| UPGRADING to +0 helmet.
   670 | D:2      | 670 ||| STAIRDANCE
   700 | D:2      | 700 ||| STAIRDANCE
   710 | D:2      | 710 ||| STAIRDANCE
   713 | D:1      | Reached XP level 4. HP: 28/28 MP: 4/4
   885 | D:2      | Noticed Natasha
   889 | D:2      | 889 ||| FLEEEEING.
   896 | D:2      | Killed Natasha
  1020 | D:2      | Noticed Natasha
  1026 | D:2      | Killed Natasha
  1027 | D:2      | Reached XP level 5. HP: 32/32 MP: 5/5
  1135 | D:2      | Reached skill level 6 in Ranged Weapons
  1253 | D:2      | Noticed Natasha
  1259 | D:2      | Killed Natasha
  1260 | D:2      | Reached skill level 1 in Armour
  1294 | D:2      | 1294 ||| UPGRADING to amulet of the acrobat.
  1299 | D:2      | 1299 ||| READING scroll labelled WIPPION NUSMEIFEPS.
  1300 | D:2      | 1300 ||| DRINKING 2 bubbling inky potions.
  1336 | D:3      | Found an iron altar of Okawaru.
  1337 | D:3      | 1337 ||| PLANNING OKAWARU WORSHIP
  1346 | D:3      | Became a worshipper of Warmaster Okawaru
  1347 | D:3      | 1347 ||| PLANNING D:1-11
  1725 | D:3      | Found a snail-covered altar of Cheibriados.
  1771 | D:3      | Found a bloodstained altar of Trog.
  1774 | D:3      | Found a hazy altar of Hepliaklqana.
  1774 | D:3      | Found a glowing silver altar of Zin.
  1787 | D:3      | Found a sacrificial altar of Ru.
  1790 | D:3      | Found a stormy altar of Qazlal.
  1832 | D:3      | HP: 6/32 [something (3)]
  1837 | D:3      | HP: 2/32 [something/magic dart (3)]
  1838 | D:3      | Killed from afar by an orc wizard

Levels and vault maps discovered:
D:1:      dpeg_arrival_round_c, layout_rooms, hex_tiny
D:2:      layout_basic, uniq_natasha, uniq_robin
D:3:      layout_basic, old_standard_altar, minmay_overflow_temple_star_hex,
          cheibriados_altar_1, hellmonk_ecumenical_altar_pennies_from_heaven,
          serial_aquarium, aquarium_bridge_square [aquarium_subvault_bridge,
          aquarium_subvault_bridge, aquarium_subvault_wall,
          aquarium_subvault_bridge], aquarium_window_2, aquarium_window_fake,
          aquarium_window_corridor_1, aquarium_view_2c,
          chequers_serial_rivers_micro_e, feat_on_display

Skill      XL: |  1  2  3  4  5 |
---------------+----------------+-----
Ranged Weapons | 5 6 |  6.0
Fighting       | 3 |  3.4
Armour         | 1 |  1.4
Dodging        | |  1.5
Stealth        | |  1.1

Action                     |  1- 3 |  4- 6 || total
---------------------------+-------+-------++-------
   Fire: Shortbow          |   111 |   110 ||   221
    Use: Scroll            |     4 |     1 ||     5
         Potion            |       |     1 ||     1
 Armour: Leather armour    |    43 |    46 ||    89
  Dodge: Dodged            |    36 |    16 ||    52

Table legend:
 A = Non-vault XP
 B = Vault XP
 C = Vault XP percentage of total XP
 D = Non-vault monster count
 E = Vault monster count
 F = Vault count percentage of total count
                 A         B        C        D         E       F
            +---------+---------+-------+---------+---------+-------
      Total |     191 |      72 |  27.4 |      58 |      13 |  18.3
            +---------+---------+-------+---------+---------+-------
        D:1 |      49 |      34 |  41.0 |      26 |      11 |  29.7
        D:2 |     112 |      38 |  25.3 |      20 |       2 |   9.1
        D:3 |      30 |       0 |   0.0 |      12 |       0 |   0.0
            +---------+---------+-------+---------+---------+-------
